 Dungeon Crawl Stone Soup version 0.27.1-34-g3ba077fa99 (webtiles) character file.

Game seed: 16010484900062610378

23 mightbedylan the Vexing (level 2, 0/11 HPs)
             Began as a Felid Enchanter on Jan 25, 2022.
             Slain by a worm (10 damage)
             ... on level 2 of the Dungeon.
             The game lasted 00:03:29 (950 turns).

mightbedylan the Vexing (Felid Enchanter)            Turns: 950, Time: 00:03:29

Health: 0/11       AC:  1    Str:  4    XL:     2   Next: 72%
Magic:  6/6        EV: 17    Int: 16    God:
Gold:   53         SH:  0    Dex: 16    Spells: 4/5 levels left
                                        Lives:  0   Deaths: 0

rFire    . . .     SeeInvis +     - Unarmed
rCold    . . .     Faith    .   (shield unavailable)
rNeg     . . .     Spirit   .   (armour unavailable)
rPois    .         Reflect  .   (helmet unavailable)
rElec    .         Harm     .   (cloak unavailable)
rCorr    .         Rampage  .   (gloves unavailable)
Will     .....                  (boots unavailable)
Stlth    +++.......             (no amulet)
HPRegen  0.03/turn              (no ring)
MPRegen  0.10/turn              (no ring)

@: quick
A: very small, claws 1, fangs 3, see invisible, speed 1, shaggy fur 1, stealthy
paws, no weapons or thrown items, no armour, multi-lived
a: no special abilities


You were on level 2 of the Dungeon.
You visited 1 branch of the dungeon, and saw 2 of its levels.

You collected 53 gold pieces.

Inventory:

Potions
 a - a potion of curing {unknown}
 b - a potion of flight {unknown}


   Skills:
 + Level 3.0 Dodging
 + Level 4.6 Stealth
 + Level 1.4 Unarmed Combat
 + Level 2.1 Spellcasting
 + Level 4.8 Hexes


You had 4 spell levels left.
You knew the following spells:

 Your Spells              Type           Power      Damage    Failure   Level
a - Corona                Hex            18%        N/A       2%          1

Your spell library contained the following spells:

 Spells                   Type           Power      Damage    Failure   Level
 Confusing Touch          Hex            17%        N/A       9%          3
 Tukima's Dance           Hex            17%        N/A       9%          3
 Ensorcelled Hibernation  Hex/Ice        18%        N/A       12%         2
 Dazzling Flash           Conj/Hex       18%        N/A       22%         3
 Call Canine Familiar     Summ           1%         N/A       52%         3
 Leda's Liquefaction      Hex/Erth       4%         N/A       58%         4
 Portal Projectile        Hex/Tloc       Unusable   N/A       N/A         3

Dungeon Overview and Level Annotations

Branches:
Dungeon (2/15)

Altars:


Innate Abilities, Weirdness & Mutations

You have sharp claws.
You have razor-sharp teeth.
You have supernaturally acute eyesight. (SInv)
You cover ground quickly. (Speed+)
You are covered in fur. (AC +1)
Your paws help you pounce on unaware monsters.
You are incapable of wielding weapons or throwing items.
You cannot wear armour.
You gain extra lives every three experience levels.


Message History

You kill the adder!
Your Dodging skill increases to level 3!
Found 21 arrows.
A bat comes into view.
A bat is nearby!
An adder and a worm come into view.
Found a scroll labelled CIBOFUO NYMMA.
The bat closely misses you.
You closely miss the bat. The bat closely misses you. The bat hits you.
You barely miss the bat. The bat barely misses you. The bat closely misses you.
The bat hits you but does no damage.
You closely miss the bat. The bat closely misses you.
The bat hits you but does no damage.
You scratch the bat.
The bat is severely wounded.
The bat misses you.
You miss the bat.
The bat is severely wounded.
The bat closely misses you. The bat hits you. The bat barely misses you.
You scratch the bat.
You kill the bat!
You see here a bat corpse.
Okay, then.
You scratch the worm.
The worm is lightly wounded.
You scratch the worm.
The worm is lightly wounded.
The worm barely misses you.
You scratch the worm.
The worm is moderately wounded.
The worm misses you.
You scratch the worm but do no damage.
The worm is lightly wounded.
You scratch the worm.
The worm is moderately wounded.
The worm bites you!
Ouch! That really hurt!
You die...

#...#......#
#P#.......#
.##.....w....#
#P#.#####.#
.............#
#.#.#..P#.#
.............#
#.#.#P###.##
#####.....?# #.#.#.#
#..# P.P#.#
###.#####.## ##P#.##
#..#...##
#.#..#########..##.##
#P#....w@...###.##.####
###.#######.# #.##....#
#.# #.# #.#####.# #.#
#.# #.# #.# #.# #.# #.#
#.# #.#######.# #.# #.#
#.........# #.# #.#
#########..###.# #.#
...........##..# #.#


You could see a worm.

Vanquished Creatures
  An adder (D:2)
  3 bats
  4 endoplasms
  A giant cockroach (D:2)
  A goblin (D:2)
  A kobold (D:2)
  A frilled lizard (D:2)
12 creatures vanquished.

Vanquished Creatures (others)
  A withered plant (D:2)
1 creature vanquished.

Grand Total: 13 creatures vanquished

Notes
Turn   | Place    | Note
-------+----------+-------------------------------------------
     0 | D:1      | mightbedylan the Felid Enchanter began the quest for the
                  | Orb.
     0 | D:1      | Reached XP level 1. HP: 7/7 MP: 4/4
    99 | D:1      | You fall into a shaft and drop 1 floor!
   160 | D:2      | Found a faded altar of an unknown god.
   627 | D:2      | Reached XP level 2. HP: 11/11 MP: 6/6
   950 | D:2      | Slain by a worm

Illustrated notes

Levels and vault maps discovered:
D:1:      heliophobic_arrival_ceremonial_halls, layout_basic,
          corexii_corridor_pit
D:2:      layout_loops_ring, serial_aquarium, aquarium_bridge_long_joined
          [aquarium_subvault_wall, aquarium_subvault_bridge,
          aquarium_subvault_balcony, aquarium_subvault_window,
          aquarium_subvault_bridge, aquarium_subvault_bridge],
          aquarium_bridge_square [aquarium_subvault_bridge,
          aquarium_subvault_bridge, aquarium_subvault_bridge,
          aquarium_subvault_wall], aquarium_window_fake, aquarium_window_2,
          aquarium_window_corner, aquarium_view_2f, aquarium_balcony_5b,
          aquarium_pool_side, shapermc_ecumenical_altar_flowoftime

Skill      XL: |  1  2 |
---------------+-------+-----
Dodging        | 3 |  3.0
Stealth        | |  4.6
Unarmed Combat | |  1.4
Spellcasting   | |  2.1
Hexes          | |  4.8

Action                   || total
-------------------------++-------
Melee: Unarmed           ||    46
       Bite              ||     2
 Stab: Sleeping          ||     5
Armor: Skin              ||     3
Dodge: Dodged            ||    32
